 Dungeon Crawl Stone Soup version 0.22.1-6-g1668fe2c40 (webtiles) character file.

187 Gunterle the Cudgeler (level 5, 50/50 HPs)
             Began as a Troll Berserker on Feb 9, 2019.
             Was a Priest of Trog.
             Got out of the dungeon alive.
             The game lasted 00:10:38 (2832 turns).

Gunterle the Cudgeler (Troll Berserker)             Turns: 2832, Time: 00:10:38

Health: 50/50      AC:  5    Str: 25    XL:     5   Next: 39%
Magic:  4/4        EV: 10    Int:  4    God:    Trog [***...]
Gold:   66         SH:  0    Dex:  9    Spells: 4/4 levels left

rFire    . . .     SeeInvis .   a - +0 mace
rCold    . . .     Gourm    +   (no shield)
rNeg     . . .     Faith    .   b - +0 animal skin
rPois    .         Spirit   .   (helmet restricted)
rElec    .         Reflect  .   (no cloak)
rCorr    .         Harm     .   (gloves unavailable)
MR       .....                  (boots unavailable)
Stlth    +.........             (no amulet)
HPRegen  0.56/turn              (no ring)
MPRegen  0.09/turn              (no ring)

@: no status effects
A: large, unfitting armour, claws 3, fast metabolism 3, gourmand, regeneration
1, shaggy fur 1, tough skin 2
a: Berserk, Trog's Hand, Renounce Religion


You escaped.
You worshipped Trog.
Trog was most pleased with you.
You were completely stuffed.

You visited 1 branch of the dungeon, and saw 4 of its levels.

You collected 66 gold pieces.

Inventory:

Hand Weapons
 a - a +0 mace (weapon)
 k - a +0 spear
Missiles
 e - 119 stones (quivered)
 m - 19 sling bullets
 n - 13 poisoned needles
Armour
 b - a +0 animal skin (worn)
Scrolls
 d - a scroll of random uselessness
 g - 2 scrolls of fear
 i - 2 scrolls of teleportation
 l - a scroll of remove curse
 p - a scroll of enchant weapon
Potions
 h - 2 potions of curing
 j - a potion of magic {unknown}
 o - a potion of haste
 q - a potion of brilliance
 r - a potion of might {unknown}
 s - a potion of heal wounds {unknown}
 t - a potion of flight {unknown}
Comestibles
 c - 12 rations
 f - 2 chunks of flesh


   Skills:
 - Level 2.4 Fighting
 + Level 5.6 Maces & Flails
 - Level 2.4 Dodging


You had 4 spell levels left.
You didn't know any spells.
Your spell library was empty.

Dungeon Overview and Level Annotations

Branches:
Dungeon (4/15)
 Temple: D:4-7

Altars:
Gozag
Hepliaklqana


Innate Abilities, Weirdness & Mutations

You are too large for most types of armour.
You have claws for hands.
Your metabolism is lightning-fast.
You like to eat raw meat.
Your natural rate of healing is unusually fast.
You are covered in fur. (AC +1)
You have very tough skin. (AC +2)


Message History

There is a stone staircase leading up here.
You climb upwards.
There is a stone staircase leading down here.
There is an open door here.
The orc shouts!
There is an open door here.
Some of the chunks of flesh in your inventory have rotted away.
You open the door.
There is an open door here.
You see here a flail.
There is a stone staircase leading up here.
You climb upwards.
There is a stone staircase leading down here.
Eating one of 3 chunks of flesh.
You eat one of the 3 chunks of flesh.
This raw flesh tastes great.
You enter the shallow water.
Moving in this stuff is going to be slow.
There is a staircase leading out of the dungeon here.
Are you sure you want to leave the Dungeon?
This will make you lose the game!
You have escaped!

♣♣ ♣♣♣♣♣♣
♣P♣♣♣ ♣
♣♣...P♣
♣..♣♣♣≈≈≈
♣♣..@..♣
♣.♣.♣
♣≈≈≈
♣......♣
♣♣.♣♣ ♣≈
♣♣♣..♣.♣
♣♣.♣ ♣♣
♣♣..♣♣
♣♣.♣♣
♣♣.♣♣
♣.♣♣ ♣..♣
♣..♣♣♣
♣.♣♣
♣♣♣..♣♣ ♣
♣.♣
♣♣♣.♣♣ ♣♣
♣.♣♣♣
♣♣.♣♣♣.


There were no monsters in sight!

Vanquished Creatures
  An orc priest (D:3)
  4 gnolls (D:2)
  2 adders (D:2)
  A worm (D:2)
  3 dart slugs
  10 orcs (D:3)
  7 bats
  2 giant cockroaches
  12 goblins
  6 hobgoblins
  6 jackals
  4 kobolds
  6 quokkas
  4 frilled lizards
  10 rats
78 creatures vanquished.

Notes
Turn   | Place    | Note
-------+----------+-------------------------------------------
     0 | D:1      | Gunterle the Troll Berserker began the quest for the Orb.
     0 | D:1      | Reached XP level 1. HP: 22/22 MP: 0/0
   119 | D:1      | Reached skill level 3 in Maces & Flails
   197 | D:1      | Reached XP level 2. HP: 22/29 MP: 1/1
   372 | D:1      | Reached ** piety under Trog
   467 | D:1      | Reached XP level 3. HP: 36/36 MP: 2/2
   886 | D:2      | Reached skill level 4 in Maces & Flails
   893 | D:2      | Reached XP level 4. HP: 44/44 MP: 3/3
  1536 | D:2      | Reached skill level 5 in Maces & Flails
  1726 | D:3      | Reached *** piety under Trog
  1917 | D:3      | Reached XP level 5. HP: 46/50 MP: 4/4
  2588 | D:3      | Found a hazy altar of Hepliaklqana.
  2588 | D:3      | Found an opulent altar of Gozag.
  2832 | D:$      | Got out of the dungeon alive.

Skill      XL: |  1  2  3  4 |
---------------+-------------+-----
Maces & Flails | 3 4 5 |  5.6
Fighting       | |  2.4
Dodging        | |  2.4

Action                   |  1- 3 |  4- 6 || total
-------------------------+-------+-------++-------
Melee: Mace              |    83 |   120 ||   203
Throw: Stone             |     2 |       ||     2
Invok: Berserk           |     1 |     3 ||     4
  Use: Scroll            |       |     8 ||     8
 Stab: Sleeping          |       |     1 ||     1
  Eat: Chunk             |    14 |    22 ||    36
Armor: Animal skin       |    36 |    41 ||    77
Dodge: Dodged            |    62 |    41 ||   103
